[Event "43rd Blackpool Chess Conference 2019"]
[Site "Blackpool"]
[Date "2019.03.09"]
[Round "3.4"]
[White "Fallowfield, Jeremy R"]
[Black "Milson, Samuel A"]
[Result "1/2-1/2"]
[ECO "D17"]
[WhiteElo "2134"]
[BlackElo "2096"]
[Annotator "NA"]
[PlyCount "53"]
[EventDate "2019.03.08"]
[EventType "swiss"]
[EventCountry "ENG"]
[SourceTitle "playchess.com"]
[Source "ChessBase"]
[SourceQuality "1"]
[TimeControl "6600+10"]

1. d4 d5 2. c4 c6 3. Nf3 Nf6 4. Nc3 dxc4 5. a4 Bf5 6. Nh4 Bg6 7. Nxg6 hxg6 8. e4 e5 9. Be3 Bb4 10. f3 b5 11. axb5 cxb5 12. dxe5 Qxd1+ 13. Kxd1 Bxc3 14. bxc3 Nfd7 15. e6 fxe6 16. Rxa7 Rxa7 17. Bxa7 Nc6 18. Be3 Ke7 19. Kc2 Ra8 20. Kb2 Na5 21. Be2 Nb3 22. Bd1 Nbc5 23. Bc2 Kd6 24. f4 Na4+ 25. Bxa4 Rxa4 26. Rd1+ Ke7 27. Bd4 1/2-1/2

[Event "43rd Blackpool Chess Conference 2019"]
[Site "Blackpool"]
[Date "2019.03.09"]
[Round "3.5"]
[White "Tarr, Steve F"]
[Black "Ellames, Roy"]
[Result "0-1"]
[ECO "D02"]
[WhiteElo "1680"]
[BlackElo "2035"]
[Annotator "NA RC"]
[PlyCount "74"]
[EventDate "2019.03.08"]
[EventType "swiss"]
[EventCountry "ENG"]
[SourceTitle "playchess.com"]
[Source "ChessBase"]
[SourceQuality "1"]
[TimeControl "6600+10"]

1. d4 e6 2. Nf3 Nf6 3. Bf4 d5 4. e3 Bd6 5. Bg3 O-O 6. Bd3 b6 7. Ne5 {[%emt 0:11:37] D02: 1 d4 d5 2 Nf3 sidelines, including 2...Nf6 3 g3 and 2...Nf6 3 Bf4} (7. Nbd2 Bb7 8. Bh4 Nbd7 9. O-O c5 10. c3 Qb8 11. Qb1 a5 12. Re1 h6 13. a4 Bc6 14. Bg3 Bxg3 15. hxg3 {½-½ (87) Demidov,M (2520)-Van Foreest,J (2614) St Petersburg 2018}) 7... c5 8. c3 Bb7 9. Bh4 Be7 10. Nd2 Ne4 11. Bg3 $146 ({Predecessor:} 11. Bxe7 Qxe7 12. O-O f6 13. Nef3 Nxd2 14. Nxd2 {0-1 (58) Zschaebitz,K (2086)-Federau,J (2220) Berlin 2005}) 11... f6 12. Nef3 Nd7 13. Qc2 f5 14. Ne5 a6 15. Nxd7 Qxd7 16. Be5 Bc6 17. Nf3 Bb5 18. O-O Bxd3 19. Qxd3 c4 20. Qc2 b5 21. Nd2 a5 22. a3 Nf6 23. f3 Qb7 24. Rae1 g6 25. Re2 Ra6 26. Ref2 Nd7 27. f4 b4 28. axb4 axb4 29. cxb4 Qxb4 30. Qd1 $2 (30. Nb1 $17) 30... Nxe5 31. fxe5 Bg5 32. Re2 Ra2 33. Nf3 Bh6 34. Qd2 $2 (34. Qe1 {is a better chance.} Qxe1 35. Rfxe1) 34... Qxd2 35. Nxd2 Rxb2 36. Kh1 $19 c3 37. Rb1 Ra8 0-1

[Event "43rd Blackpool Chess Conference 2019"]
[Site "Blackpool"]
[Date "2019.03.09"]
[Round "3.7"]
[White "Gayson, Peter M"]
[Black "Watson, Phil R"]
[Result "1/2-1/2"]
[ECO "B12"]
[WhiteElo "2121"]
[BlackElo "2132"]
[Annotator "NA"]
[PlyCount "36"]
[EventDate "2019.03.08"]
[EventType "swiss"]
[EventCountry "ENG"]
[SourceTitle "playchess.com"]
[Source "ChessBase"]
[SourceQuality "1"]
[TimeControl "6600+10"]

1. e4 c6 2. d4 d5 3. e5 Bf5 4. Nf3 e6 5. Be2 h6 6. O-O Ne7 7. b3 Ng6 8. c4 Nh4 9. Nc3 Bb4 10. Bb2 O-O 11. Rc1 Bg4 12. Nxh4 Bxe2 13. Qxe2 Qxh4 14. cxd5 cxd5 15. a3 Bxc3 16. Rxc3 Nc6 17. Rh3 Qf4 18. Rd1 Rac8 1/2-1/2

[Event "43rd Blackpool Chess Conference 2019"]
[Site "Blackpool"]
[Date "2019.03.09"]
[Round "3.8"]
[White "Sucikova, Svetlana"]
[Black "Merriman, John"]
[Result "0-1"]
[ECO "A06"]
[WhiteElo "2110"]
[BlackElo "2238"]
[Annotator "NA"]
[PlyCount "56"]
[EventDate "2019.03.08"]
[EventType "swiss"]
[EventCountry "ENG"]
[SourceTitle "playchess.com"]
[Source "ChessBase"]
[SourceQuality "1"]
[TimeControl "6600+10"]

1. e3 d5 2. Nf3 Nf6 3. b3 Bg4 4. Bb2 Nbd7 5. Be2 c6 6. h3 Bxf3 7. Bxf3 e5 8. d3 Bb4+ 9. Nd2 Qe7 10. O-O e4 11. Be2 O-O-O 12. dxe4 dxe4 13. Nc4 Nb6 14. Qc1 Nxc4 15. Bxc4 Rd7 16. Bd4 Kb8 17. a3 Bd6 18. b4 Bc7 19. Be2 h5 20. Rd1 Rd5 21. c4 Rg5 22. c5 Rh6 23. h4 Rf5 24. b5 Nd5 25. g3 Rg6 26. Bf1 Qxh4 27. Bg2 Rxg3 28. f4 exf3 0-1

[Event "43rd Blackpool Chess Conference 2019"]
[Site "Blackpool"]
[Date "2019.03.09"]
[Round "3.9"]
[White "Han, Yichen"]
[Black "Burnett, Jim"]
[Result "1-0"]
[ECO "C01"]
[WhiteElo "2190"]
[BlackElo "1996"]
[Annotator "NA"]
[PlyCount "85"]
[EventDate "2019.03.08"]
[EventType "swiss"]
[EventCountry "ENG"]
[SourceTitle "playchess.com"]
[Source "ChessBase"]
[SourceQuality "1"]
[TimeControl "6600+10"]

1. e4 e6 2. d4 d5 3. Nc3 Bb4 4. exd5 exd5 5. Bd3 Ne7 6. Qh5 Be6 7. Nf3 Qd7 8. Ne5 Qc8 9. O-O Nd7 10. a3 Bxc3 11. bxc3 Nf6 12. Qe2 h6 13. f4 Bf5 14. Bxf5 Qxf5 15. Qb5+ c6 16. Qxb7 Rc8 17. Qxa7 Qxc2 18. Re1 Ne4 19. Qd7+ Kf8 20. Be3 Nf6 21. Qb7 Qxc3 22. a4 Qa5 23. Rec1 Rc7 24. Qb3 Ne4 25. Rab1 f6 26. Nd3 Kf7 27. Nc5 Nd6 28. Bf2 Re8 29. Be1 Qa8 30. Qd3 Qc8 31. a5 Ng6 32. Bg3 Rce7 33. Qa6 Nf5 34. Qxc8 Rxc8 35. Rb4 h5 36. Nd3 Rcc7 37. a6 h4 38. Bf2 Nf8 39. Rb6 Ne6 40. Rcxc6 Nexd4 41. Rxc7 Rxc7 42. Rb7 Ne6 43. Bb6 1-0

[Event "43rd Blackpool Chess Conference 2019"]
[Site "Blackpool"]
[Date "2019.03.09"]
[Round "3.10"]
[White "Allis, Richard"]
[Black "Harkness, Bryan"]
[Result "1-0"]
[ECO "A48"]
[WhiteElo "2052"]
[BlackElo "1935"]
[Annotator "NA"]
[PlyCount "71"]
[EventDate "2019.03.08"]
[EventType "swiss"]
[EventCountry "ENG"]
[SourceTitle "playchess.com"]
[Source "ChessBase"]
[SourceQuality "1"]
[TimeControl "6600+10"]

1. d4 Nf6 2. Nf3 g6 3. Bg5 Ne4 4. Bf4 Bg7 5. Nbd2 d5 6. c3 Nxd2 7. Qxd2 Nd7 8. e3 O-O 9. Bd3 Re8 10. O-O e5 11. dxe5 Nxe5 12. Nxe5 Bxe5 13. Bxe5 Rxe5 14. Bc2 Qh4 15. Qd4 Qxd4 16. cxd4 Re7 17. b4 c6 18. Rfb1 Rc7 19. Bd3 a6 20. a4 Kf8 21. Rc1 Ke7 22. f3 Kd6 23. e4 f6 24. Kf2 Bd7 25. h4 Be8 26. g4 h6 27. g5 dxe4 28. fxe4 fxg5 29. e5+ Ke6 30. Bc4+ Kf5 31. Ke3 Kg4 32. Be6+ Kh5 33. hxg5 Kxg5 34. Rg1+ Kh4 35. Rh1+ Kg3 36. Rag1# 1-0

[Event "43rd Blackpool Chess Conference 2019"]
[Site "Blackpool"]
[Date "2019.03.09"]
[Round "3.11"]
[White "Hamer, Martyn"]
[Black "Walker, Nicholas A"]
[Result "0-1"]
[ECO "D06"]
[WhiteElo "2064"]
[BlackElo "1976"]
[Annotator "NA RC"]
[PlyCount "62"]
[EventDate "2019.03.08"]
[EventType "swiss"]
[EventCountry "ENG"]
[SourceTitle "playchess.com"]
[Source "ChessBase"]
[SourceQuality "1"]
[TimeControl "6600+10"]

1. d4 d5 2. c4 Bf5 3. Nc3 e6 4. Nf3 Nf6 5. Bf4 Bd6 6. Bg3 Bxg3 7. hxg3 c6 8. Nh4 dxc4 9. Nxf5 exf5 10. e3 b5 11. Qc2 g6 12. Be2 Nbd7 13. Bf3 Rc8 14. O-O a6 15. a4 Qb6 16. d5 cxd5 17. Nxd5 Nxd5 18. Bxd5 O-O 19. axb5 axb5 20. Ra3 b4 21. Raa1 Qc5 22. Bf3 Ne5 23. Be2 Rfd8 24. Rfd1 Rxd1+ 25. Rxd1 c3 26. bxc3 bxc3 27. Rc1 Qa3 28. Kf1 Rc5 29. Ke1 Nc6 30. Bd1 Nb4 31. Qb1 Qxc1 0-1

[Event "43rd Blackpool Chess Conference 2019"]
[Site "Blackpool"]
[Date "2019.03.09"]
[Round "3.12"]
[White "Frew, Elliot"]
[Black "Okhai, Shabir"]
[Result "1-0"]
[ECO "C86"]
[WhiteElo "2080"]
[BlackElo "2073"]
[Annotator "NA"]
[PlyCount "77"]
[EventDate "2019.03.08"]
[EventType "swiss"]
[EventCountry "ENG"]
[SourceTitle "playchess.com"]
[Source "ChessBase"]
[SourceQuality "1"]
[TimeControl "6600+10"]

1. e4 e5 2. Nf3 Nc6 3. Bb5 a6 4. Ba4 Nf6 5. Qe2 b5 6. Bb3 Be7 7. c3 d6 8. O-O O-O 9. Rd1 Na5 10. Bc2 c5 11. d4 Qc7 12. dxe5 dxe5 13. Nbd2 Rd8 14. Nf1 Rxd1 15. Qxd1 Bb7 16. Ng3 Nc4 17. Qe2 Nd7 18. Nf5 Bf8 19. a4 Rb8 20. axb5 axb5 21. Bd3 Nd6 22. Nxd6 Qxd6 23. Bxb5 Bxe4 24. Ra6 Bxf3 25. Qxf3 Rb6 26. Bc4 Qf6 27. Ra7 Qxf3 28. gxf3 Rd6 29. Be3 Be7 30. Kf1 g6 31. Bxc5 Nxc5 32. Rxe7 Rf6 33. Ke2 Na4 34. Rb7 Rf4 35. Bd5 Nc5 36. Ra7 e4 37. fxe4 g5 38. f3 g4 39. fxg4 1-0

[Event "43rd Blackpool Chess Conference 2019"]
[Site "Blackpool"]
[Date "2019.03.10"]
[Round "4.4"]
[White "Molano Lafuente, Ismael"]
[Black "Gayson, Peter M"]
[Result "1/2-1/2"]
[ECO "B20"]
[WhiteElo "1956"]
[BlackElo "2121"]
[Annotator "NA"]
[PlyCount "33"]
[EventDate "2019.03.08"]
[EventType "swiss"]
[EventCountry "ENG"]
[SourceTitle "playchess.com"]
[Source "ChessBase"]
[SourceQuality "1"]
[TimeControl "6600+10"]

1. e4 c5 2. b3 e6 3. Bb2 a6 4. g3 d5 5. Bg2 dxe4 6. Bxe4 Nf6 7. Bxf6 Qxf6 8. Nc3 Bd6 9. Nge2 O-O 10. O-O Ra7 11. a4 b6 12. f4 Bb7 13. d3 Nc6 14. Qd2 Nd4 15. Bxb7 Nxe2+ 16. Qxe2 Qxc3 17. Bf3 1/2-1/2

[Event "43rd Blackpool Chess Conference 2019"]
[Site "Blackpool"]
[Date "2019.03.10"]
[Round "4.5"]
[White "Watson, Phil R"]
[Black "Han, Yichen"]
[Result "1-0"]
[ECO "A65"]
[WhiteElo "2132"]
[BlackElo "2190"]
[Annotator "NA RC"]
[PlyCount "66"]
[EventDate "2019.03.08"]
[EventType "swiss"]
[EventCountry "ENG"]
[SourceTitle "playchess.com"]
[Source "ChessBase"]
[SourceQuality "1"]
[TimeControl "6600+10"]

1. d4 Nf6 2. c4 g6 3. Nc3 Bg7 4. e4 d6 5. f3 O-O 6. Bg5 c5 7. d5 h6 8. Be3 e6 9. Qd2 exd5 10. cxd5 Nbd7 11. Nh3 Ne5 12. Nf2 h5 13. Be2 a6 14. a4 Qa5 15. O-O Bd7 16. h3 Qb4 17. Qc1 Nh7 18. Na2 Qxb2 19. Qxb2 Nxf3+ 20. gxf3 Bxb2 21. Rab1 Bg7 22. a5 Rfb8 23. Bf4 Bf8 24. Rb6 Be7 25. Bxd6 Bxd6 26. Rxd6 Bb5 27. Nc3 c4 28. Rb1 Rc8 29. Rb6 Rc5 30. Nxb5 axb5 31. R6xb5 Rxa5 32. Rxa5 Rxa5 33. Bxc4 Ra8 1-0

[Event "43rd Blackpool Chess Conference 2019"]
[Site "Blackpool"]
[Date "2019.03.10"]
[Round "4.6"]
[White "Milson, Samuel A"]
[Black "Frew, Elliot"]
[Result "0-1"]
[ECO "B41"]
[WhiteElo "2096"]
[BlackElo "2080"]
[Annotator "NA"]
[PlyCount "68"]
[EventDate "2019.03.08"]
[EventType "swiss"]
[EventCountry "ENG"]
[SourceTitle "playchess.com"]
[Source "ChessBase"]
[SourceQuality "1"]
[TimeControl "6600+10"]

1. e4 c5 2. Nf3 e6 3. d4 cxd4 4. Nxd4 a6 5. f4 Qc7 6. Qf3 Bc5 7. Nb3 Ba7 8. Bd3 Nf6 9. Nc3 d6 10. Be3 Bxe3 11. Qxe3 Nbd7 12. O-O b6 13. Rae1 Bb7 14. Qg3 O-O 15. e5 Ne8 16. Qh4 h6 17. Re3 dxe5 18. Rg3 e4 19. Nxe4 f5 20. Ned2 Rf6 21. Nd4 Nc5 22. Be2 Rd8 23. c3 b5 24. Re3 Rg6 25. Rf2 Nf6 26. h3 Nfe4 27. Nxe4 Nxe4 28. Rf1 Nxc3 29. Bf3 Ne4 30. Nb3 Qb6 31. Kh2 Nd2 32. Rfe1 Nxf3+ 33. gxf3 Bd5 34. Nd4 Bxa2 0-1

[Event "43rd Blackpool Chess Conference 2019"]
[Site "Blackpool"]
[Date "2019.03.10"]
[Round "4.8"]
[White "Walker, Nicholas A"]
[Black "White, Stuart A"]
[Result "0-1"]
[ECO "B21"]
[WhiteElo "1976"]
[BlackElo "2108"]
[Annotator "NA"]
[PlyCount "144"]
[EventDate "2019.03.08"]
[EventType "swiss"]
[EventCountry "ENG"]
[SourceTitle "playchess.com"]
[Source "ChessBase"]
[SourceQuality "1"]
[TimeControl "6600+10"]

1. e4 c5 2. d4 cxd4 3. c3 dxc3 4. Nxc3 Nc6 5. Bc4 e6 6. Nf3 a6 7. O-O b5 8. Bb3 Bb7 9. Qe2 Nge7 10. Bg5 f6 11. Be3 Na5 12. Bc2 Nc4 13. Bc1 Rc8 14. Rd1 Ng6 15. Nd4 Qc7 16. a3 Bc5 17. Kh1 Be7 18. Rd3 Nf4 19. Bxf4 Qxf4 20. Rg3 O-O 21. Bb3 Qe5 22. Rd1 Bc5 23. Nf3 Qc7 24. Nh4 Bd6 25. Rh3 Be5 26. Bxc4 bxc4 27. Nf3 Rfd8 28. Nxe5 Qxe5 29. Rh5 Qf4 30. g3 Qc7 31. f3 g6 32. Rh4 Qc5 33. Qd2 d5 34. Qh6 Qe7 35. exd5 Bxd5 36. Nxd5 Rxd5 37. Rc1 Rdc5 38. Qe3 e5 39. Qe2 Qe6 40. Re4 f5 41. Re3 Kf7 42. Kg2 Rd8 43. Rd1 Rxd1 44. Qxd1 Rd5 45. Qc2 Rd4 46. Qc3 Qd5 47. b3 Rd3 48. Rxd3 cxd3 49. Qc7+ Ke6 50. Qc8+ Ke7 51. Qc7+ Kf6 52. Qb6+ Kg7 53. Qa7+ Kh6 54. Qe3+ g5 55. h4 f4 56. hxg5+ Kxg5 57. gxf4+ exf4 58. Qe7+ Kf5 59. Qxh7+ Ke5 60. Qh5+ Kd4 61. Qh8+ Ke3 62. Qc3 Qxf3+ 63. Kh2 Qg3+ 64. Kh1 Qf3+ 65. Kh2 Qf2+ 66. Kh1 Qf1+ 67. Kh2 Qe2+ 68. Kh3 f3 69. Qe5+ Kd2 70. Qb2+ Ke1 71. Qc3+ d2 72. b4 Kf1 0-1

[Event "43rd Blackpool Chess Conference 2019"]
[Site "Blackpool"]
[Date "2019.03.10"]
[Round "4.9"]
[White "Phillips, David A"]
[Black "Tarr, Steve F"]
[Result "1-0"]
[ECO "A30"]
[WhiteElo "2040"]
[BlackElo "1680"]
[Annotator "NA"]
[PlyCount "86"]
[EventDate "2019.03.08"]
[EventType "swiss"]
[EventCountry "ENG"]
[SourceTitle "playchess.com"]
[Source "ChessBase"]
[SourceQuality "1"]
[TimeControl "6600+10"]

1. Nf3 c5 2. g3 Nc6 3. Bg2 g6 4. c4 Nf6 5. b3 Bg7 6. Bb2 O-O 7. O-O Rb8 8. d4 cxd4 9. Nxd4 Nxd4 10. Bxd4 b6 11. Nc3 Bb7 12. e4 Ne8 13. Bxg7 Nxg7 14. Qe2 Qc8 15. Rfd1 f5 16. Nd5 Bxd5 17. Rxd5 e6 18. Rd2 Rf7 19. Rad1 Qc7 20. f4 fxe4 21. Bxe4 b5 22. cxb5 Qb6+ 23. Kg2 d5 24. Bd3 Nf5 25. Bxf5 Rxf5 26. Re1 Re8 27. a4 d4 28. Qc4 Rd5 29. b4 Rd6 30. Rc1 Qb7+ 31. Kf2 Rdd8 32. Qc6 Qe7 33. Qc5 Qb7 34. Qe5 d3 35. Rc7 Qb6+ 36. Kf3 Qd4 37. Qxd4 Rxd4 38. Rxa7 e5 39. fxe5 Rxe5 40. b6 Re8 41. b7 Rxb4 42. Rxd3 Rb2 43. Ra8 Rf8+ 1-0

[Event "43rd Blackpool Chess Conference 2019"]
[Site "Blackpool"]
[Date "2019.03.10"]
[Round "4.10"]
[White "Ther, Mate"]
[Black "Dobson, Graham"]
[Result "0-1"]
[ECO "B16"]
[WhiteElo "1895"]
[BlackElo "1879"]
[Annotator "NA"]
[PlyCount "98"]
[EventDate "2019.03.08"]
[EventType "swiss"]
[EventCountry "ENG"]
[SourceTitle "playchess.com"]
[Source "ChessBase"]
[SourceQuality "1"]
[TimeControl "6600+10"]

1. e4 c6 2. d4 d5 3. Nc3 dxe4 4. Nxe4 Nf6 5. Nxf6+ gxf6 6. c3 Bf5 7. Nf3 Qc7 8. g3 e5 9. Bg2 Nd7 10. Be3 h5 11. Qe2 Bg4 12. h3 Be6 13. Nh4 Bd6 14. Be4 Nb6 15. Nf5 O-O-O 16. Nxd6+ Rxd6 17. f4 Rd7 18. fxe5 fxe5 19. Qf2 Re8 20. Kf1 Kb8 21. Kg1 Rf8 22. dxe5 Nc4 23. Bf4 Rfd8 24. Re1 Qa5 25. a3 Ka8 26. Kh2 Nxe5 27. Bxe5 Qxe5 28. Bxc6 Rd2 29. Rxe5 Rxf2+ 30. Kg1 Rdd2 31. Bd5 Rxb2 32. Bxe6 fxe6 33. Rxe6 a6 34. Re3 Rfc2 35. Kf1 Rc1+ 36. Re1 Rxc3 37. g4 hxg4 38. hxg4 Rxa3 39. Rh8+ Ka7 40. Re2 Rb4 41. Rg8 Rg3 42. Rg2 Rxg2 43. Kxg2 a5 44. g5 a4 45. Kf3 a3 46. g6 a2 47. g7 a1=Q 48. Ra8+ Kxa8 49. g8=Q+ Ka7 0-1

[Event "43rd Blackpool Chess Conference 2019"]
[Site "Blackpool"]
[Date "2019.03.10"]
[Round "4.11"]
[White "Okhai, Shabir"]
[Black "Boswell, Jacob Connor"]
[Result "1-0"]
[ECO "C54"]
[WhiteElo "2073"]
[BlackElo "2043"]
[Annotator "NA"]
[PlyCount "35"]
[EventDate "2019.03.08"]
[EventType "swiss"]
[EventCountry "ENG"]
[SourceTitle "playchess.com"]
[Source "ChessBase"]
[SourceQuality "1"]
[TimeControl "6600+10"]

1. e4 e5 2. Nf3 Nc6 3. Bc4 Bc5 4. c3 Nf6 5. d3 O-O 6. O-O d5 7. exd5 Nxd5 8. Nbd2 Bb6 9. Re1 Re8 10. d4 Nf4 11. Ne4 Bg4 12. Bxf7+ Kxf7 13. Nfg5+ Kg8 14. Qxg4 Nd5 15. Qf5 Nf6 16. Nxf6+ Qxf6 17. Qxh7+ Kf8 18. Re3 1-0

[Event "43rd Blackpool Chess Conference 2019"]
[Site "Blackpool"]
[Date "2019.03.10"]
[Round "4.12"]
[White "Paul, Nathanael"]
[Black "Wall, Tim P"]
[Result "0-1"]
[ECO "A45"]
[WhiteElo "1924"]
[BlackElo "2234"]
[Annotator "NA RC"]
[PlyCount "92"]
[EventDate "2019.03.08"]
[EventType "swiss"]
[EventCountry "ENG"]
[SourceTitle "playchess.com"]
[Source "ChessBase"]
[SourceQuality "1"]
[TimeControl "6600+10"]

1. d4 Nf6 2. Nc3 d6 3. Bf4 Nbd7 4. Nf3 c6 5. Qd2 Qa5 6. Rd1 d5 7. h3 e6 8. a3 b5 9. Nb1 Qb6 10. c3 Be7 11. e3 c5 12. Bd3 O-O 13. Qe2 c4 14. Bc2 a5 15. Nbd2 b4 16. a4 Bb7 17. e4 bxc3 18. bxc3 Qb2 19. Nb1 dxe4 20. Ne5 Qb6 21. O-O Rfd8 22. Rfe1 Bd5 23. Nxd7 Rxd7 24. Be5 Rad8 25. Qe3 Qc6 26. Nd2 Rb7 27. Rb1 Rdd7 28. Bxf6 Bxf6 29. Nxe4 Be7 30. f3 h6 31. Nf2 Rxb1 32. Rxb1 Rb7 33. Rxb7 Qxb7 34. Qc1 Qb6 35. Kf1 Qb8 36. Ng4 Bg5 37. Qb1 Qxb1+ 38. Bxb1 Bd2 39. Ne5 f6 40. Nd7 $19 Bxc3 41. Be4 Bxd4 42. Bc2 Kf7 43. Nb8 Ke7 44. Na6 Kd6 45. Bg6 c3 46. Ke1 Bc4 0-1

[Event "43rd Blackpool Chess Conference 2019"]
[Site "Blackpool"]
[Date "2019.03.10"]
[Round "5.3"]
[White "Frew, Elliot"]
[Black "Ellames, Roy"]
[Result "1/2-1/2"]
[ECO "B01"]
[WhiteElo "2080"]
[BlackElo "2035"]
[Annotator "NA"]
[PlyCount "40"]
[EventDate "2019.03.08"]
[EventType "swiss"]
[EventCountry "ENG"]
[SourceTitle "playchess.com"]
[Source "ChessBase"]
[SourceQuality "1"]
[TimeControl "6600+10"]

1. e4 d5 2. exd5 Qxd5 3. Nc3 Qd6 4. d4 Nf6 5. Nf3 g6 6. Bc4 Bg7 7. Ne5 O-O 8. Be3 a6 9. Qf3 Nbd7 10. Nxd7 Bxd7 11. O-O Bg4 12. Qf4 b5 13. Bb3 Qd7 14. f3 Be6 15. Bxe6 Qxe6 16. Bf2 $11 Nd5 17. Nxd5 Qxd5 18. Qxc7 Rac8 19. Qxe7 Rfe8 20. Qa3 Rxc2 1/2-1/2

[Event "43rd Blackpool Chess Conference 2019"]
[Site "Blackpool"]
[Date "2019.03.10"]
[Round "5.5"]
[White "Dobson, Graham"]
[Black "Molano Lafuente, Ismael"]
[Result "0-1"]
[ECO "A10"]
[WhiteElo "1879"]
[BlackElo "1956"]
[Annotator "NA"]
[PlyCount "108"]
[EventDate "2019.03.08"]
[EventType "swiss"]
[EventCountry "ENG"]
[SourceTitle "playchess.com"]
[Source "ChessBase"]
[SourceQuality "1"]
[TimeControl "6600+10"]

1. g3 f5 2. Bg2 Nf6 3. c4 e6 4. b3 d5 5. cxd5 (5. Bb2 Bd6 6. Nf3 O-O 7. O-O c6 8. d3 f4 9. e3 fxg3 10. hxg3 Qe7 11. Ne5 a5 12. a3 Bd7 13. Nd2 Be8 14. f4 Bh5 15. Bf3 Bxf3 16. Ndxf3 {1-0 (29) Kaasen,T (2387)-Spraggett,K (2513) Lisbon 2019}) 5... exd5 6. Bb2 {[%emt 0:00:18] A10: English Opening: Unusual Replies for Black} c6 7. Nf3 Bd6 8. d3 O-O 9. O-O $146 ({Predecessor:} 9. Nbd2 Qe7 10. O-O Nbd7 11. Qc2 {½-½ (60) Kamer,K (2208)-Nukan,B (1718) Kesan 2018}) 9... f4 10. Be5 (10. Qd2 $11) 10... fxg3 11. hxg3 Ng4 12. Bxd6 Qxd6 13. Nbd2 (13. Nc3 $11) 13... Qh6 14. Re1 Nd7 15. d4 Ndf6 16. e4 $1 dxe4 17. Nxe4 Bf5 18. Nxf6+ Rxf6 19. Qc1 Rd8 20. Qxh6 Nxh6 21. Re7 Rf7 22. Rae1 Kf8 23. R7e5 g6 24. Ng5 Rfd7 25. f3 Nf7 26. Nxf7 Rxf7 27. g4 Bd3 28. g5 Rxd4 29. Re8+ Kg7 30. Ra8 h6 31. gxh6+ Kxh6 32. Rxa7 Kg5 33. Ra5+ Kf4 34. Rae5 Bf5 35. Kf2 Rd2+ 36. R5e2 Rfd7 37. Rxd2 Rxd2+ 38. Re2 Rd1 39. Rb2 c5 40. Ke2 Rg1 41. Kf2 Rc1 42. Bf1 $1 Rc3 43. Be2 Bc2 44. b4 c4 45. b5 Bd3 46. a4 Bxe2 47. Kxe2 Re3+ 48. Kf2 (48. Kd1 $11) 48... Rxf3+ 49. Ke2 Re3+ 50. Kf2 $2 ({White has to play} 50. Kd1 $15) 50... Rb3 51. Rc2 c3 52. Ke2 Ke4 53. b6 Rb2 54. Kd1 Kd3 0-1

[Event "43rd Blackpool Chess Conference 2019"]
[Site "Blackpool"]
[Date "2019.03.10"]
[Round "5.6"]
[White "Gayson, Peter M"]
[Black "Phillips, David A"]
[Result "1-0"]
[ECO "B33"]
[WhiteElo "2121"]
[BlackElo "2040"]
[Annotator "ChessBase"]
[PlyCount "33"]
[EventDate "2019.03.08"]
[EventType "swiss"]
[EventCountry "ENG"]
[SourceTitle "playchess.com"]
[Source "ChessBase"]
[SourceQuality "1"]
[TimeControl "6600+10"]

1. e4 c5 2. Nf3 Nc6 3. d4 cxd4 4. Nxd4 Nf6 5. Nc3 e5 6. Ndb5 Bb4 7. a3 Bxc3+ 8. Nxc3 d6 9. Bg5 Be6 10. Bxf6 gxf6 11. Nd5 f5 12. exf5 Bxf5 13. Ne3 Be6 14. Bc4 Bxc4 15. Nxc4 d5 16. Ne3 d4 17. Nf5 1-0

[Event "43rd Blackpool Chess Conference 2019"]
[Site "Blackpool"]
[Date "2019.03.10"]
[Round "5.8"]
[White "Han, Yichen"]
[Black "Walker, Nicholas A"]
[Result "1-0"]
[ECO "B32"]
[WhiteElo "2190"]
[BlackElo "1976"]
[Annotator "NA"]
[PlyCount "89"]
[EventDate "2019.03.08"]
[EventType "swiss"]
[EventCountry "ENG"]
[SourceTitle "playchess.com"]
[Source "ChessBase"]
[SourceQuality "1"]
[TimeControl "6600+10"]

1. e4 c5 2. Nf3 Nc6 3. d4 cxd4 4. Nxd4 e5 5. Nb5 a6 6. Nd6+ Bxd6 7. Qxd6 Qf6 8. Qd1 Qg6 9. Nc3 d5 10. Nxd5 Qxe4+ 11. Be3 Nd4 12. Nc7+ Ke7 $1 13. Qd3 Nxc2+ 14. Kd2 Qxd3+ $1 15. Bxd3 Nxe3 16. Nxa8 Nd5 $1 17. Rac1 Ngf6 18. Nc7 Nf4 19. g3 ({Better is} 19. Rhe1 $14) 19... Nxd3 20. Kxd3 Bd7 21. Rhd1 Bc6 22. Ke3 Rd8 23. Rxd8 Kxd8 24. Nxa6 Ng4+ 25. Kd2 Nxf2 26. Nb4 Bd7 27. Nd3 Nxd3 28. Kxd3 Bc6 29. b3 Ke7 30. a4 f5 31. a5 Kd6 32. b4 g5 33. Rc5 f4 34. gxf4 gxf4 35. Kc4 f3 36. Kd3 h5 37. h4 Bd7 38. Ke3 Bc6 39. Kf2 Bd5 40. Rb5 e4 41. Ke3 Ke5 42. Rc5 Kd6 $18 43. Rc8 Be6 44. Rh8 Kd5 45. Rxh5+ 1-0

[Event "43rd Blackpool Chess Conference 2019"]
[Site "Blackpool"]
[Date "2019.03.10"]
[Round "5.9"]
[White "Hamer, Martyn"]
[Black "Milson, Samuel A"]
[Result "1-0"]
[ECO "D15"]
[WhiteElo "2064"]
[BlackElo "2096"]
[Annotator "NA"]
[PlyCount "88"]
[EventDate "2019.03.08"]
[EventType "swiss"]
[EventCountry "ENG"]
[SourceTitle "playchess.com"]
[Source "ChessBase"]
[SourceQuality "1"]
[TimeControl "6600+10"]

1. d4 d5 2. c4 c6 3. Nf3 Nf6 4. Nc3 dxc4 5. e4 b5 6. e5 Nd5 7. a4 Nxc3 8. bxc3 e6 9. Ng5 {[%emt 0:01:56] D15: Slav Defence: 4 Nc3 a6 and gambit lines after 4 Nc3 dxc4} (9. axb5 cxb5 10. Ng5 {0-1 (41) Cramling,P (2518)-Gunina,V (2522) Beijing 2014}) 9... Bb7 {[%emt 0:01:15] [#]} 10. Qh5 $1 ({Much worse is} 10. axb5 cxb5 11. Qh5 g6 $15 12. Qh3 Nd7 13. Rb1 a6 14. Bxc4 Qc7 15. Bxe6 Nxe5 16. Bf4 Nd3+ 17. Qxd3 Qxf4 18. Bxf7+ Kd7 {0-1 (41) Cramling,P (2518)-Gunina,V (2522) Beijing 2014}) 10... Qd7 {[%emt 0:02:33] [#]} 11. Be3 $146 ({Predecessor:} 11. Be2 $1 $16 a6 12. Nxh7 Kd8 13. Nxf8 Rxf8 14. Qh7 g6 15. Ba3 Re8 16. Bc5 a5 17. h4 Na6 18. Bd6 b4 19. h5 g5 20. h6 f5 21. Qg6 g4 22. h7 {1-0 (22) Lodici,L (2150)-Kolesar,M (2166) Trieste 2014}) 11... Na6 12. Be2 Nc7 13. Ne4 Nd5 (13... c5 $5 14. Nxc5 Bxc5 15. dxc5 Nd5 $11) 14. Bg5 (14. O-O $14) 14... a6 15. O-O Qc7 16. Bg4 Qd7 17. Qh3 h5 18. f4 g6 19. Bf6 Rh6 (19... Rh7 $11) 20. Be2 Qc7 21. Bg5 Rh8 22. g4 f5 23. exf6 ({Reject} 23. gxh5 $6 gxh5 24. Nf6+ (24. Bxh5+ Kd7 $11) 24... Nxf6 $14) 23... Qf7 24. gxh5 gxh5 25. f5 Bc8 26. fxe6 Bxe6 27. Qg3 Rg8 28. h4 Kd7 29. Qe5 Bh3 30. axb5 cxb5 {[%emt 0:00:56] [#]} 31. Bxh5 $1 Qe6 32. f7 Qxe5 33. fxg8=Q {[%emt 0:02:15] Discovered Attack} Qxe4 34. Bf3 Be6 35. Bxe4 Bxg8 36. h5 Re8 37. Bxd5 $18 Bxd5 38. Rae1 a5 39. Rxe8 Kxe8 40. Rf5 Bg8 41. Rxb5 a4 42. Ra5 a3 43. Kf2 Bh7 44. Bc1 Kd8 1-0